 Dungeon Crawl Stone Soup version 0.20-a0-537-g052e6ba (webtiles) character file.

83 Klosterheim the Skirmisher (level 4, -3/48 HPs)
             Began as an Ogre Skald on Jan 28, 2017.
             Slain by Sigmund
             ... wielding a +0 scythe
              (8 damage)
             ... on level 2 of the Dungeon.
             The game lasted 00:03:39 (2186 turns).

Klosterheim the Skirmisher (Ogre Skald)             Turns: 2186, Time: 00:03:40

Health: -3/48      AC:  3    Str: 15    XL:     4   Next: 44%
Magic:  3/7        EV: 10    Int: 14    God:
Gold:   88         SH:  0    Dex:  9    Spells: 4/7 levels left

rFire    . . .     SeeInvis .   a - +0 mace
rCold    . . .     Gourm    .   b - +0 robe
rNeg     . . .     Faith    .   (no shield)
rPois    .         Spirit   .   (helmet restricted)
rElec    .         Reflect  .   (no cloak)
rCorr    .         Harm     .   (gloves unavailable)
MR       .....                  (boots unavailable)
Stlth    +.........             (no amulet)
Regen    0.2/turn               (no ring)
                                (no ring)

@: infused (expiring)
A: unfitting armour, tough skin 1
a: no special abilities


You were on level 2 of the Dungeon.
You were not hungry.

You visited 1 branch of the dungeon, and saw 2 of its levels.

You collected 88 gold pieces.

Inventory:

Hand Weapons
 a - a +0 mace (weapon)
Armour
 b - a +0 robe (worn)
Scrolls
 e - 2 scrolls of magic mapping {unknown}
 g - 6 scrolls of remove curse {unknown}
 h - 2 scrolls of immolation {unknown}
 l - 2 scrolls of amnesia {unknown}
 m - a scroll of teleportation {unknown}
 p - 3 scrolls of identify {unknown}
Potions
 j - 2 potions of flight {unknown}
 k - a potion of curing {unknown}
 o - a potion of heal wounds {unknown}
 q - a potion of might {unknown}
 s - a potion of haste {unknown}
Books
 c - a book of Battle

   Spells                             Type                      Level
   a - Infusion                       Charms                       1
   b - Shroud of Golubria             Charms/Translocation         2
   c - Song of Slaying                Charms                       2
   d - Spectral Weapon                Hexes/Charms                 3
   e - Regeneration                   Charms/Necromancy            3
Comestibles
 d - 2 bread rations
 f - 3 chunks of flesh
 n - a meat ration
 r - a royal jelly


   Skills:
 - Level 4.0 Fighting
 + Level 2.9 Maces & Flails
 - Level 2.1 Dodging
 - Level 2.4 Spellcasting
 + Level 3.3 Charms


You had 4 spell levels left.
You knew the following spells:

 Your Spells              Type           Power        Failure   Level  Hunger
a - Infusion              Chrm           ##..         10%         1    #......
b - Shroud of Golubria    Chrm/Tloc      #.........   21%         2    ###....


Dungeon Overview and Level Annotations

Branches:
Dungeon (2/15)

Altars:
Fedhas
Ru
Sif Muna

Annotations:
D:2 Sigmund


Innate Abilities, Weirdness & Mutations

You are too large for most types of armour.
You have tough skin. (AC +1)


Message History

Sigmund hits you with a scythe.
You barely miss Sigmund.
Sigmund is lightly wounded.
Sigmund hits you with a scythe.
You hit Sigmund.
Sigmund is moderately wounded.
Your magical infusion is running out.
Sigmund points at you and mumbles some strange words.
The puff of flame hits you!
* * * LOW HITPOINT WARNING * * *
You hit Sigmund!
Sigmund is heavily wounded.
Sigmund closely misses you.
You closely miss Sigmund.
Sigmund is heavily wounded.
Sigmund hits you with a scythe.
* * * LOW HITPOINT WARNING * * *
It was a potion of cure mutation.
It has a very clean taste.
Sigmund hits you with a scythe!
You die...

#...........)#......#######<.....
#............#.....## #....##
#......(..#..#.....# #....#
##.......##...)....# ###....#
##.....####.##....# #......#
####### #.####### ##.#....# #..
#######..#....#
#..####.......#######
#..#.@..####### ##..@#### #.....
#...<. #...... ....... .######


You could see Sigmund.

Vanquished Creatures
  2 adders (D:2)
  An ooze (D:2)
  A worm (D:2)
  2 dart slugs (D:1)
  3 leopard geckos
  3 bats
  2 giant cockroaches (D:1)
  6 goblins
  6 hobgoblins
  4 jackals (D:1)
  2 quokkas (D:2)
  4 frilled lizards
  7 kobolds
  4 rats
47 creatures vanquished.

Notes
Turn   | Place    | Note
-------+----------+-------------------------------------------
     0 | D:1      | Klosterheim the Ogre Skald began the quest for the Orb.
     0 | D:1      | Reached XP level 1. HP: 22/22 MP: 3/3
    36 | D:1      | Reached skill level 3 in Fighting
    57 | D:1      | Reached XP level 2. HP: 15/31 MP: 0/5
   167 | D:1      | Reached skill level 4 in Fighting
   182 | D:1      | Learned a level 2 spell: Shroud of Golubria
   570 | D:1      | Reached XP level 3. HP: 25/39 MP: 6/6
  1329 | D:2      | Reached XP level 4. HP: 30/48 MP: 3/7
  1504 | D:2      | Found a sacrificial altar of Ru.
  2083 | D:2      | Found a blossoming altar of Fedhas.
  2115 | D:2      | Found a deep blue altar of Sif Muna.
  2172 | D:2      | Noticed Sigmund
  2186 | D:2      | Slain by Sigmund

Vault maps used:
D:1:      roderic_chinese_lattice_arrival, interstate_on_off,
          hangedman_feature_mirror
D:2:      lemuel_blue_sif_altar, lemuel_round_altar, first_bread,
          fedhas_altar_4, uniq_sigmund

Skill      XL: |  1  2  3 |
---------------+----------+-----
Fighting       | 3 4 |  4.0
Maces & Flails | 2 |  2.9
Charms         | 3 |  3.3
Dodging        | |  2.1
Spellcasting   | |  2.4

Action                   |  1- 3 |  4- 6 || total
-------------------------+-------+-------++-------
Melee: Mace              |   119 |    53 ||   172
 Cast: Infusion          |     5 |     4 ||     9
  Use: Potion            |       |     1 ||     1
  Eat: Chunk             |     2 |     2 ||     4
Armor: Robe              |    38 |    11 ||    49
Dodge: Dodged            |    96 |    19 ||   115
